 Dungeon Crawl Stone Soup version 0.27.1-4-g1640c2035a (webtiles) character file.

Game seed: 8246578773814877441

54999 boopmooplesden the Blocker (level 14, -16/133 HPs)
             Began as a Minotaur Fighter on Nov 14, 2021.
             Was the Champion of Wu Jian.
             Demolished by a death knight (29 damage)
             ... on level 12 of the Dungeon.
             The game lasted 00:41:53 (23993 turns).

boopmooplesden the Blocker (Minotaur Fighter)      Turns: 23993, Time: 00:41:53

Health: -16/133    AC: 23    Str: 24    XL:     14   Next: 36%
Magic:  13/13      EV:  9    Int:  5    God:    Wu Jian [******]
Gold:   1097       SH: 16    Dex: 12    Spells: 13/13 levels left

rFire    + . .     SeeInvis .   a - +6 long sword (vorpal)
rCold    + + .     Faith    .   c - +2 kite shield
rNeg     . . .     Spirit   .   M - +1 plate armour
rPois    +         Reflect  .   (helmet restricted)
rElec    .         Harm     .   w - scarf {rC+ rF+}
rCorr    +         Rampage  +   l - +1 pair of gloves
Will     +....                  D - +2 pair of boots {rampage}
Stlth    ..........             (no amulet)
HPRegen  0.32/turn              r - ring of Tender Moments {rPois rCorr Stlth+}
MPRegen  0.13/turn              s - ring of protection from cold

@: studying Fighting
A: horns 2, retaliatory headbutt
a: Renounce Religion, Wall Jump, Serpent's Lash, Heavenly Storm


You were on level 12 of the Dungeon.
You worshipped Wu Jian.
Wu Jian was exalted by your worship.
You visited 3 branches of the dungeon, and saw 19 of its levels.
You also visited: Sewer.

You collected 1097 gold pieces.

Inventory:

Hand Weapons
 a - a +6 vorpal long sword (weapon)
 b - a +0 rapier
 g - a +4 rapier of draining
 E - a +0 club
 L - a +1 falchion of holy wrath
 Q - the +4 dagger of Unkeuhi {flame, rN+ Str+3}
   (You found it on level 5 of the Lair of Beasts)

   It burns those it strikes, dealing additional fire damage.
   Str:       It affects your strength (+3).
   rN:        It protects you from negative energy.
Missiles
 n - 4 silver javelins (quivered)
 q - a throwing net
 C - 39 poisoned darts
 S - 8 javelins
Armour
 c - a +2 kite shield (worn)
 l - a +1 pair of gloves (worn)
 m - a +0 tower shield
 w - a scarf of resistance (worn)
 z - a +4 scale mail of poison resistance
 D - a +2 pair of boots of rampaging (worn)
 F - the +3 ring mail "Acaptaepn" {rCorr Str+2}
   (You found it on level 9 of the Dungeon)

   Str:       It affects your strength (+2).
   rCorr:     It protects you from acid and corrosion.
 M - a +1 plate armour (worn)
Jewellery
 i - a +4 ring of evasion
 r - the ring of Tender Moments (left hand) {rPois rCorr Stlth+}
   (You acquired it on level 4 of the Dungeon)

   [ring of resist corrosion]

   rPois:     It protects you from poison.
   rCorr:     It protects you from acid and corrosion.
   Stlth:     It makes you more stealthy.
 s - a ring of protection from cold (right hand)
 v - an amulet of reflection
Wands
 f - a wand of flame (29)
 t - a wand of mindburst (19)
 B - a wand of iceblast (4)
 I - a wand of paralysis (16)
 R - a wand of acid (7)
Scrolls
 j - a scroll of teleportation
 x - a scroll of holy word
 y - 2 scrolls of vulnerability
 A - 4 scrolls of magic mapping
 H - 7 scrolls of identify
 K - a scroll of amnesia {unknown}
 N - a scroll of fear
 P - a scroll of enchant armour
 T - a scroll of torment {unknown}
 V - a scroll of blinking
Potions
 d - 2 potions of might
 e - 4 potions of flight
 h - 3 potions of attraction
 k - a potion of degeneration {unknown}
 o - a potion of brilliance {unknown}
 p - 5 potions of mutation
 u - a potion of haste
 G - 4 potions of lignification
 J - a potion of invisibility {unknown}
 O - a potion of resistance
 U - a potion of heal wounds
Miscellaneous
 W - a condenser vane


   Skills:
 + Level 14.4 Fighting
 + Level 10.1(12.9) Short Blades
 + Level 14.2(15.5) Long Blades
 + Level 0.7 Throwing
 + Level 13.2 Armour
 + Level 5.5 Dodging
 + Level 2.6 Stealth
 + Level 14.7 Shields
 + Level 0.5 Unarmed Combat


You had 13 spell levels left.
You didn't know any spells.
Your spell library contained the following spells:

 Spells                   Type           Power      Damage    Failure   Level
 Corona                   Hex            0%         N/A       99%         1
 Sting                    Tmut/Pois      0%         1d3       99%         1
 Blink                    Tloc           N/A        N/A       100%        2
 Ensorcelled Hibernation  Hex/Ice        0%         N/A       100%        2
 Poisonous Vapours        Pois/Air       0%         N/A       100%        2
 Slow                     Hex            0%         N/A       100%        2
 Call Canine Familiar     Summ           0%         N/A       100%        3
 Confusing Touch          Hex            0%         N/A       100%        3
 Gell's Gravitas          Tloc           0%         N/A       100%        3
 Lesser Beckoning         Tloc           0%         N/A       100%        3
 Portal Projectile        Hex/Tloc       0%         N/A       100%        3
 Teleport Other           Tloc           0%         N/A       100%        3
 Tukima's Dance           Hex            0%         N/A       100%        3
 Vampiric Draining        Necr           0%         2d6       100%        3
 Animate Dead             Necr           0%         N/A       100%        4
 Hailstorm                Conj/Ice       0%         3d3       100%        4
 Ice Form                 Ice/Tmut       0%         N/A       100%        4
 Leda's Liquefaction      Hex/Erth       0%         N/A       100%        4
 Olgreb's Toxic Radiance  Pois           0%         N/A       100%        4
 Passage of Golubria      Tloc           N/A        N/A       100%        4
 Borgnjor's Vile Clutch   Necr/Erth      0%         N/A       100%        5
 Manifold Assault         Tloc           0%         N/A       100%        5
 Yara's Violent Unravell  Hex/Tmut       0%         3d3       100%        5
 Death Channel            Necr           0%         N/A       100%        6
 Dispersal                Tloc           0%         N/A       100%        6
 Simulacrum               Ice/Necr       0%         N/A       100%        6


Dungeon Overview and Level Annotations

Branches:
Dungeon (12/15)            Temple (1/1) D:4            Lair (6/6) D:10
  Swamp (0/4) Lair:3       Spider (0/4) Lair:4        Slime (0/5) Lair:5
    Orc (0/2) D:12          Sewer (visited)

Altars:
Cheibriados
Dithmenos
Fedhas
Gozag
Kikubaaqudgha
Nemelex Xobeh
Qazlal
Ru
Sif Muna
Uskayaw
Wu Jian
The Shining One

Annotations:
Lair:3 Sonja


Innate Abilities, Weirdness & Mutations

You have a pair of horns on your head.
You reflexively headbutt those who attack you in melee.


Message History

The acid dragon claws you but does no damage.
You slash the acid dragon!
The acid dragon is severely wounded.
The acid dragon bites you but does no damage.
The acid dragon claws you but does no damage.
You closely miss the acid dragon. You headbutt the acid dragon.
You kill the acid dragon!
The Council accepts your kill.
You are no longer corroded.
A death knight comes into view. It is wielding a +1 battleaxe.
The death knight shouts!
You rampage towards the death knight!
The death knight completely misses you.
You riposte.
You hit the death knight. You headbutt the death knight.
The death knight is lightly wounded.
You slice the death knight!!
The death knight is moderately wounded.
The death knight mumbles some strange prayers to Yredelemnul against you.
Your body is wracked with pain!
You closely miss the death knight.
The death knight is moderately wounded.
The death knight hits you with a +1 battleaxe!!
You slash the death knight!
The death knight is heavily wounded.
You hit the death knight but do no damage.
The death knight is heavily wounded.
The death knight calls down the wrath of Yredelemnul upon you.
Your body is wracked with pain!
* * * LOW HITPOINT WARNING * * *
You hit the death knight. Your headbutt misses the death knight.
The death knight is severely wounded.
The death knight hits you with a +1 battleaxe!
* * * LOW HITPOINT WARNING * * *
You closely miss the death knight.
You headbutt the death knight, but do no damage.
The death knight is severely wounded.
You hit the death knight but do no damage.
Your headbutt misses the death knight.
The death knight is severely wounded.
The death knight hits you with a +1 battleaxe!!
You die...

##....... #......#
.#....... ......#
.#....... ......##
.#...... .......#
.#....##########......##
.#....#........#.......#
.#....#........'p......#
.)....#...... #@......#
.#....#.... #..######
.#....##'#######..#
##................#
.).....................
....######...........##
....#....#...........#
....#....#...........#
....'....#...........#


You could see a death knight.

Vanquished Creatures
  Kirke (Lair:4)
  A catoblepas (Lair:6)
  7 hydras
  7 death yaks
  A two-headed ogre (D:9)
  Urug (Lair:3)
  15 spriggans (Lair:6)
  Nergalle (Lair:3)
  2 manticores
  2 cyclopes
  A wolf spider (Lair:4)
  17 elephants
  6 black mambas
  8 cane toads
  2 rime drakes
  8 komodo dragons
  Psyche (D:8)
  A troll (D:9)
  3 polar bears (Lair:6)
  8 hornets
  5 dream sheep (Lair:6)
  Sigmund (D:3)
  3 wyverns
  4 shadows
  40 yaks
  2 steam dragons (D:9)
  6 basilisks
  4 hogs (Lair:4)
  2 acid dragons
  13 water moccasins
  11 orc warriors
  A swamp drake (Lair:3)
  3 ice beasts
  4 black bears (Lair:6)
  4 boggarts (Lair:6)
  2 ogres
  A sky beast (D:6)
  45 wolves
  10 centaurs
  A phantom (D:5)
  4 kobold brigands
  Blork the orc (D:4)
  10 bullfrogs
  5 scorpions
  A water moccasin skeleton (D:7)
  A killer bee (D:9)
  3 wights (D:10)
  5 howler monkeys
  An electric eel (D:12)
  5 centaur zombies
  3 hounds
  9 orc priests
  A bullfrog zombie (D:6)
  2 gnoll shamans
  6 jellies
  5 iguanas
  Terence (D:3)
  10 orc wizards
  A hell rat (D:10)
  A hound skeleton (D:3)
  2 howler monkey zombies
  9 gnolls
  10 adders
  2 river rats (D:10)
  A shadow imp (D:7)
  An ufetubus (D:4)
  An adder skeleton (D:4)
  2 worms
  A dart slug (D:2)
  40 orcs
  8 endoplasms
  8 giant cockroaches
  7 goblins
  9 hobgoblins
  28 kobolds
  7 quokkas
  8 ball pythons
  6 bats
  9 frilled lizards
  11 rats
500 creatures vanquished.

Vanquished Creatures (others)
  A human (Lair:4)
  An orc (D:9)
  44 fungi
  77 plants
123 creatures vanquished.

Grand Total: 623 creatures vanquished

Notes
Turn   | Place    | Note
-------+----------+-------------------------------------------
     0 | D:1      | boopmooplesden the Minotaur Fighter began the quest for the
                  | Orb.
     0 | D:1      | Reached XP level 1. HP: 19/19 MP: 0/0
    78 | D:1      | You fall into a shaft and drop 1 floor!
    83 | D:2      | Reached XP level 2. HP: 25/27 MP: 1/1
   283 | D:1      | Found a faded altar of an unknown god.
   293 | D:1      | Became a worshipper of the Wu Jian Council
   293 | D:1      | Reached * piety under Wu Jian
   563 | D:1      | Reached XP level 3. HP: 31/33 MP: 2/2
  1304 | D:2      | Reached ** piety under Wu Jian
  1319 | D:2      | Reached XP level 4. HP: 40/40 MP: 3/3
  1759 | D:3      | Noticed a scorpion
  1767 | D:3      | Killed a scorpion
  1768 | D:3      | Reached skill level 1 in Dodging
  1768 | D:3      | Reached XP level 5. HP: 39/47 MP: 4/4
  2057 | D:3      | Noticed Terence
  2060 | D:3      | Killed Terence
  2122 | D:3      | Noticed Sigmund
  2134 | D:3      | Killed Sigmund
  2135 | D:3      | Reached skill level 5 in Long Blades
  2135 | D:3      | Reached skill level 5 in Shields
  2135 | D:3      | Reached XP level 6. HP: 30/55 MP: 5/5
  2372 | D:3      | Reached skill level 5 in Armour
  2585 | D:4      | Noticed Blork the orc
  2589 | D:4      | Killed Blork the orc
  2590 | D:4      | Reached skill level 5 in Fighting
  2590 | D:4      | Reached XP level 7. HP: 59/61 MP: 6/6
  2595 | D:4      | Reached *** piety under Wu Jian
  2926 | D:4      | Found a glowing drain.
  2940 | Sewer    | Entered a sewer
  3165 | D:4      | Identified a scroll of acquirement
  3165 | D:4      | Acquired the ring of Tender Moments {rPois rCorr Stlth+}
  3425 | D:4      | Reached **** piety under Wu Jian
  3651 | D:4      | Found a staircase to the Ecumenical Temple.
  3665 | Temple   | Entered the Ecumenical Temple
  3903 | D:5      | Entered Level 5 of the Dungeon
  3955 | D:5      | Reached XP level 8. HP: 38/68 MP: 7/7
  4933 | D:6      | Found a sacrificial altar of Ru.
  5115 | D:6      | Found a shimmering blue altar of Sif Muna.
  5946 | D:6      | Found a stormy altar of Qazlal.
  5949 | D:6      | Found a snail-covered altar of Cheibriados.
  5949 | D:6      | Found a shadowy altar of Dithmenos.
  5962 | D:6      | Found a blossoming altar of Fedhas.
  5965 | D:6      | Found a glowing golden altar of the Shining One.
  6215 | D:7      | Reached skill level 1 in Stealth
  6333 | D:7      | Reached XP level 9. HP: 68/75 MP: 8/8
  6819 | D:7      | Reached ***** piety under Wu Jian
  7372 | D:8      | Noticed Psyche
  7543 | D:8      | Killed Psyche
  7791 | D:8      | Paralysed by a hornet for 1 turns
  8491 | D:9      | Reached skill level 10 in Long Blades
  8872 | D:9      | Noticed a troll
  8875 | D:9      | Reached XP level 10. HP: 65/88 MP: 9/9
  8901 | D:9      | Noticed a two-headed ogre
  8940 | D:9      | Killed a two-headed ogre
  8958 | D:9      | HP: 3/88 [orc wizard/magic dart (3)]
  9655 | D:9      | Identified the +3 ring mail "Acaptaepn" {rCorr Str+2}
 10051 | D:10     | Entered Level 10 of the Dungeon
 10130 | D:10     | Noticed a death yak
 10130 | D:10     | Noticed a death yak
 10147 | D:10     | Noticed a death yak
 10162 | D:9      | Killed a death yak
 10520 | D:10     | Found an opulent altar of Gozag.
 10576 | D:10     | Found a staircase to the Lair.
 10585 | Lair:1   | Entered Level 1 of the Lair of Beasts
 10915 | Lair:1   | Reached XP level 11. HP: 96/97 MP: 10/10
 11304 | Lair:1   | Reached skill level 10 in Shields
 11528 | Lair:1   | Reached skill level 10 in Armour
 11658 | Lair:1   | HP: 4/99 [komodo dragon (14)]
 12975 | Lair:2   | Reached skill level 10 in Fighting
 13047 | Lair:2   | Noticed a five-headed hydra
 13081 | Lair:2   | Killed a five-headed hydra
 13722 | Lair:3   | Noticed Sonja
 13722 | Lair:3   | Found a staircase to the Swamp.
 13801 | Lair:3   | Reached skill level 1 in Short Blades
 14086 | Lair:3   | Noticed Nergalle
 14102 | Lair:3   | Killed Nergalle
 14802 | Lair:3   | Noticed Urug
 14821 | Lair:3   | Killed Urug
 14822 | Lair:3   | Reached XP level 12. HP: 47/108 MP: 11/11
 15198 | Lair:3   | Reached ****** piety under Wu Jian
 15290 | Lair:3   | Acquired a manual of Fighting
 15404 | Lair:4   | Noticed a four-headed hydra
 15419 | Lair:4   | Killed a four-headed hydra
 16060 | Lair:4   | Noticed a six-headed hydra
 16073 | Lair:4   | Killed a six-headed hydra
 16226 | Lair:4   | Found a hole to the Spider Nest.
 16236 | Lair:4   | Reached skill level 5 in Dodging
 16579 | Lair:4   | Noticed Kirke
 16691 | Lair:4   | Killed Kirke
 16956 | Lair:4   | Noticed a five-headed hydra
 16963 | Lair:4   | Killed a five-headed hydra
 17145 | Lair:5   | Noticed a five-headed hydra
 17156 | Lair:5   | Killed a five-headed hydra
 17229 | Lair:5   | Found a staircase to the Slime Pits.
 17272 | Lair:5   | Noticed a death yak
 17272 | Lair:5   | Noticed a death yak
 17272 | Lair:5   | Noticed a death yak
 17272 | Lair:5   | Noticed a death yak
 17289 | Lair:5   | Killed a death yak
 17299 | Lair:5   | Killed a death yak
 17321 | Lair:5   | Killed a death yak
 17322 | Lair:5   | Reached XP level 13. HP: 44/119 MP: 12/12
 18323 | Lair:5   | Reached skill level 5 in Short Blades
 18519 | Lair:5   | Identified the +4 dagger of Unkeuhi {flame, rN+ Str+3}
 19264 | Lair:6   | Entered Level 6 of the Lair of Beasts
 19496 | Lair:6   | HP: 5/122 [komodo dragon (10)]
 19520 | Lair:6   | HP: 5/123 [yak (8)]
 20354 | Lair:6   | Reached XP level 14. HP: 107/132 MP: 13/13
 22867 | D:11     | Reached skill level 10 in Short Blades
 22986 | D:11     | Found a sparkling altar of Nemelex Xobeh.
 23707 | D:12     | Found a staircase to the Orcish Mines.
 23993 | D:12     | Demolished by a death knight

Illustrated notes

Levels and vault maps discovered:
D:1:      dpeg_arrival_lava_temple_mockup, layout_loops_cross,
          shapermc_ecumenical_altar_starsandcircs
D:2:      layout_rooms, minmay_mini_jars
D:3:      layout_loops_ring, cheibrodos_gnoll_hut, uniq_sigmund, uniq_terence
D:4:      layout_loops_ring, minmay_temple_entry_antechambers,
          portal_sewer_entry_b, minmay_tree_intersection,
          hangedman_decor_points, grunt_ministairs_4,
          kennysheep_opposing_triangles, uniq_blork_the_orc
D:5:      layout_loops_ring
D:6:      layout_cave_pools, nicolae_sif_muna_condensation,
          minmay_overflow_temple_star_hex, mainiacjoe_overflow_24_doors,
          minivault_25
D:7:      layout_basic, minmay_misc_feat_pillars, serial_bayou_lagoon_b
D:8:      layout_basic, hex_intersection, uniq_psyche
D:9:      layout_rooms, minmay_increasing_density
D:10:     layout_layer_cave, nicolae_gozag_cash_rules_everything_around_me,
          dpeg_lair_monsters
D:11:     layout_cave_pools, nemelex_lonely_heart_becter
D:12:     layout_irregular_city, erik_orc_2, lightli_corner_chamber,
          uniq_erolcha
Temple:   dpeg_chambers_temple
Lair:1:   layout_chaotic_city
Lair:2:   layout_cave_shapes
Lair:3:   layout_regular_city, minmay_swamp_entry_reptiles, uniq_nergalle,
          uniq_sonja, uniq_urug
Lair:4:   layout_gridlike, spider_nest_entry_rubble, grunt_megastairs_5,
          uniq_kirke
Lair:5:   layout_layer_cave, minmay_slime_entry_pillars, st_stairs_13,
          nicolae_quartered_pool_little, grunt_megastairs_1
Lair:6:   minmay_lair_end_enchanted_forest, layout_layer_cave,
          serial_bayou_pond_c

Skill      XL: |  1  2  3  4  5  6  7  8  9 10 11 12 13 14 |
---------------+-------------------------------------------+-----
Shields        | 4 5 6 7 8 9 11 12 14 | 14.7
Fighting       | 4 5 6 7 9 10 12 14 | 14.4
Armour         | 4 5 7 8 9 11 12 13 | 13.2
Long Blades    | 3 4 5 6 7 8 10 12 13 14 | 14.2
Dodging        | 1 2 3 4 5 |  5.5
Stealth        | 1 2 |  2.6
Short Blades   | 1 4 9 10 | 10.1
Throwing       | |  0.7
Unarmed Combat | |  0.5

Action                   |  1- 3 |  4- 6 |  7- 9 | 10-12 | 13-15 || total
-------------------------+-------+-------+-------+-------+-------++-------
Melee: Long sword        |    71 |   116 |   415 |   583 |    90 ||  1275
       Headbutt          |     9 |    19 |    79 |   173 |   226 ||   506
       Unarmed           |       |       |     2 |     1 |       ||     3
       Rapier            |       |       |       |   115 |   783 ||   898
Throw: Throwing net      |       |       |       |     1 |       ||     1
       Javelin           |       |       |       |     5 |       ||     5
Invok: Lunge             |     4 |     7 |    22 |     4 |       ||    37
       Whirlwind         |     2 |     6 |    22 |    40 |    54 ||   124
Evoke: Wand              |       |       |       |       |     5 ||     5
  Use: Scroll            |       |       |    16 |    15 |     8 ||    39
       Potion            |       |       |     1 |     6 |     1 ||     8
 Stab: Held in net/web   |       |       |       |     1 |       ||     1
Armor: Scale mail        |    28 |    43 |    88 |       |       ||   159
       Chain mail        |       |       |    55 |    68 |       ||   123
       Skin              |       |       |     2 |       |       ||     2
       Plate armour      |       |       |       |   236 |   337 ||   573
Dodge: Dodged            |    23 |    31 |   106 |   180 |   220 ||   560
Block: Kite shield       |    48 |    53 |   271 |   492 |   587 ||  1451
       Rpst.: Long sword |     6 |    11 |    26 |    40 |     6 ||    89
